 Dungeon Crawl Stone Soup version 0.29.1-2-gbd0b4ee654 (webtiles) character file.

Game seed: 6480324096216289788

82 Raikaria the Trooper (level 4, -4/32 HPs)
             Began as an Octopode Fighter on Nov 7, 2022.
             Slain by Pargi (7 damage)
             ... in a sewer.
             The game lasted 00:03:31 (2021 turns).

Raikaria the Trooper (Octopode Fighter)             Turns: 2021, Time: 00:03:31

Health: -4/32      AC:  1    Str: 21    XL:     4   Next: 43%
Magic:  4/4        EV: 13    Int: 12    God:
Gold:   160        SH:  4    Dex: 11    Spells: 3/3 levels left

rFire   . . .      SeeInvis .     - Unarmed
rCold   . . .      Faith    .   a - +0 buckler
rNeg    . . .      Spirit   .   (helmet restricted)
rPois   .          Reflect  .   (no amulet)
rElec   .          Harm     .   k - +6 ring of strength
rCorr   .          Rampage  .   (no ring)
Will    .....                   (no ring)
Stlth   ++........              (no ring)
HPRegen 0.10/turn               (no ring)
MPRegen 0.09/turn               (no ring)
                                (no ring)
                                (no ring)

@: no status effects
A: almost no armour, amphibious, 8 rings, camouflage 1, gelatinous body 1,
(nimble swimmer 1), tentacles
a: no special abilities


You were in a sewer.
You visited 1 branch of the dungeon, and saw 3 of its levels.
You also visited: Sewer.

You collected 160 gold pieces.

Inventory:

Missiles
 c - 19 stones (quivered)
Armour
 a - a +0 buckler (worn)
Jewellery
 k - a +6 ring of strength (left tentacle)
Scrolls
 d - 2 scrolls of silence {unknown}
 e - a scroll of poison {unknown}
 f - a scroll of teleportation {unknown}
 g - a scroll of enchant weapon {unknown}
 h - 2 scrolls of butterflies {unknown}
 i - a scroll of enchant armour {unknown}
 j - a scroll of noise {unknown}
Potions
 b - a potion of might


   Skills:
 + Level 3.6 Fighting
 + Level 3.5 Dodging
 + Level 3.6 Shields
 + Level 2.8 Unarmed Combat


You had 3 spell levels left.
You didn't know any spells.
Your spell library was empty.

Dungeon Overview and Level Annotations

Branches:
Dungeon (3/15)              Sewer (1/1)

Altars:

Shops:
D:1 ?

Annotations:
Sewer Pargi


Innate Abilities, Weirdness & Mutations

You cannot wear most types of armour.
You are amphibious.
You can wear up to eight rings at the same time.
Your skin changes colour to match your surroundings (Stealth+).
Your rubbery body absorbs attacks. (AC +1, EV +1)
((You are camouflaged when in or above water. (Stealth+)))
You have tentacles for arms and can constrict up to eight enemies at once.


Message History

Found a scroll labelled SOIVUCH BETHRUJ.
There is an open door here.
The helpless Pargi fails to defend himself.
You tentacle-slap Pargi. You squeeze Pargi.
Pargi is moderately wounded.
You tentacle-slap Pargi.
Pargi is moderately wounded.
Pargi closely misses you. You block Pargi's attack. Pargi claws you.
You tentacle-slap Pargi.
Pargi is heavily wounded.
Pargi closely misses you. Pargi claws you. You block Pargi's attack.
Pargi snarls, "My home!
Leave!"
Pargi barely misses you. Pargi claws you. x2
You closely miss Pargi.
Your tentacle-slap misses Pargi.
Pargi is moderately wounded.
Pargi hisses menacingly.
Pargi completely misses you. Pargi claws you. Pargi misses you.
You barely miss Pargi. Your squeeze misses Pargi.
Pargi is moderately wounded.
Pargi bites you. Pargi closely misses you. Pargi claws you.
You tentacle-slap Pargi.
Pargi is moderately wounded.
Pargi bites you.
* * * LOW HITPOINT WARNING * * *
Pargi closely misses you. Pargi claws you.
* * * LOW HITPOINT WARNING * * *
You tentacle-slap Pargi. You squeeze Pargi.
Pargi is heavily wounded.
Pargi barely misses you. Pargi claws you.
* * * LOW HITPOINT WARNING * * *
Pargi closely misses you.
You miss Pargi.
Pargi is heavily wounded.
Pargi barely misses you. Pargi claws you.
* * * LOW HITPOINT WARNING * * *
Pargi barely misses you.
You barely miss Pargi.
Pargi is heavily wounded.
Pargi bites you!
You die...

#.~≈~.#
+.~≈~.+
#.~≈~.#
#.~≈~.#
+.~≈~.+
#.~≈~.#
####.~≈~.####
#?T@..∩....∩#
####.~≈~.####
#.~≈~.#
+.~≈~.+
#.~≈~.#
#.~≈~.#
+.~≈~.+
#.~≈~.#


You could see Pargi.

Vanquished Creatures
  3 adders (D:3)
  A river rat (D:3)
  A dart slug (D:2)
  An orc (D:3)
  5 endoplasms
  4 giant cockroaches
  5 goblins (D:1)
  3 hobgoblins (D:1)
  A quokka (D:2)
  A ball python (D:3)
  4 bats
  2 frilled lizards (D:1)
  5 kobolds
  5 rats
41 creatures vanquished.

Vanquished Creatures (others)
  A plant (D:2)
1 creature vanquished.

Grand Total: 42 creatures vanquished

Notes
Turn   | Place    | Note
-------+----------+-------------------------------------------
     0 | D:1      | Raikaria the Octopode Fighter began the quest for the Orb.
     0 | D:1      | Reached XP level 1. HP: 16/16 MP: 1/1
   162 | D:1      | Reached XP level 2. HP: 21/21 MP: 2/2
   495 | D:1      | Found a faded altar of an unknown god.
   537 | D:1      | Found Mytoog's Magic Scroll Shop.
   539 | D:1      | Reached XP level 3. HP: 26/26 MP: 3/3
  1735 | D:3      | Found a glowing drain.
  1746 | D:3      | Reached XP level 4. HP: 14/31 MP: 4/4
  1791 | Sewer    | Entered a sewer
  2011 | Sewer    | Noticed Pargi
  2021 | Sewer    | Slain by Pargi

Illustrated notes

Levels and vault maps discovered:
D:1:      erik_arrival_orb_chamber, layout_basic, serial_shops, shop,
          dreamdust_ecumenical_altar_statues
D:2:      layout_loops_cross, corexii_shack
D:3:      layout_basic, serial_shops, shop, gammafunk_ghost_grave,
          portal_sewer_entry_c
Sewer:    kennysheep_door_sewer

Action                   |  1- 3 |  4- 6 || total
-------------------------+-------+-------++-------
Melee: Unarmed           |    75 |    24 ||    99
       Constrict         |    20 |     3 ||    23
       Tentacles         |    12 |     2 ||    14
       Punch             |     2 |       ||     2
 Stab: Sleeping          |    11 |     1 ||    12
Armor: Skin              |     8 |       ||     8
Dodge: Dodged            |    27 |    20 ||    47
Block: Buckler           |    10 |     4 ||    14
